 Dungeon Crawl Stone Soup version 0.31.0-11-ge490571c62 (webtiles) character file.

Game seed: 11725328356389854654

312 stipulation the Grave Robber (level 6, 0/28 HPs)
             Began as a Vine Stalker Necromancer on Jan 28, 2024.
             Slain by a gnoll bouda
             ... wielding a +0 whip
              (8 damage)
             ... on level 4 of the Dungeon.
             The game lasted 00:05:50 (4046 turns).

stipulation the Grave Robber (VSNe)                 Turns: 4046, Time: 00:05:51

Health: 0/28       AC:  2    Str: 11    XL:     6   Next: 42%
Magic:  0/14       EV: 12    Int: 17    God:
Gold:   101        SH:  0    Dex: 14    Spells: 6/14 levels left

rFire   . . .        j - +2 whip (drain)
rCold   . . .        (no shield)
rNeg    . . .        a - +0 robe
rPois   .            (no helmet)
rElec   .            (no cloak)
rCorr   .            (no gloves)
SInv    .            (no boots)
Will    .....        (no amulet)
Stlth   ++           (no ring)
HPRegen 1.04/turn    (no ring)
MPRegen 0.14/turn

%: guardian spirit
@: no status effects
A: fangs 2, regeneration 1, magic shield, antimagic bite, no potion heal 2
a: no special abilities


You were on level 4 of the Dungeon.
You visited 1 branch of the dungeon, and saw 4 of its levels.

You collected 236 gold pieces.
You spent 135 gold pieces at shops.

Inventory:

Hand Weapons
 i - a +0 dagger
 j - a +2 whip of draining (weapon)
Armour
 a - a +0 robe (worn)
 g - a +2 buckler of fire resistance
Scrolls
 d - 2 scrolls of torment {unknown}
 f - 2 scrolls of poison
 h - 8 scrolls of identify
 l - a scroll of enchant weapon {unknown}
 m - a scroll of summoning {unknown}
 n - a scroll of blinking
 o - 2 scrolls of fog {unknown}
 p - a scroll of revelation {unknown}
 r - a scroll of fear {unknown}
Potions
 b - a potion of magic
 c - 4 potions of lignification {unknown}
 e - a potion of heal wounds {unknown}
 k - 2 potions of ambrosia {unknown}
 q - a potion of curing {unknown}


   Skills:
 - Level 1.5 Dodging
 - Level 2.4 Stealth
 + Level 4.9 Spellcasting
 + Level 6.0 Necromancy


You had 6 spell levels left.
You knew the following spells:

 Your Spells              Type           Power      Damage    Failure   Level
a - Necrotise             Necr           96%        1d8       1%          1
b - Vampiric Draining     Necr           24%        2d7       3%          3
c - Animate Dead          Necr           24%        N/A       12%         4

Your spell library contained the following spells:

 Spells                   Type           Power      Damage    Failure   Level
 Curse of Agony           Necr           24%        N/A       32%         5


Dungeon Overview and Level Annotations

Branches:
Dungeon (4/15)
 Temple: D:4-7

Altars:

Shops:
D:2 ?


Innate Abilities, Weirdness & Mutations

You have extremely sharp teeth.
Your natural rate of healing is unusually fast.
When hurt, damage is shared between your health and your magic reserves.
Your bite disrupts and absorbs the magic of your enemies.
Potions cannot restore your health.


Message History

You closely miss the gnoll.
The gnoll is moderately wounded.
The gnoll hits you with a +0 club.
You hit the gnoll. You drain the gnoll. Your bite misses the gnoll.
The gnoll is almost dead.
The gnoll misses you.
You hit the gnoll bouda but do no damage.
You hit the gnoll bouda. Your bite misses the gnoll bouda.
The gnoll bouda is lightly wounded.
The gnoll bouda closely misses you.
You hit the gnoll bouda.
You bite the gnoll bouda, but do no damage.
The gnoll bouda is moderately wounded.
The gnoll bouda hits you with a +0 whip.
Your magical contamination has completely faded away.
You barely miss the gnoll bouda. Your bite misses the gnoll bouda.
The gnoll bouda is moderately wounded.
The gnoll bouda hits you with a +0 whip!
Casting: Vampiric Draining (dangerous; 3% risk of failure)
Confirm with . or Enter, or press ? or * to list all spells.
Aiming: Necrotise (safe; 1% risk of failure)
Press: ? - help, Shift-Dir - straight line, f/p - gnoll
Aim: a gnoll, wielding a +0 club (almost dead, covering ground quickly, heavily drained, chance to affect: 90%)
The gnoll bouda writhes in agony.
The gnoll bouda hits you with a +0 whip!
* * * LOW HITPOINT WARNING * * *
You barely miss the gnoll bouda.
The gnoll bouda is moderately wounded.
The gnoll is no longer moving quickly.
The gnoll bouda calls upon its god to heal the gnoll.
The gnoll is healed somewhat.
The gnoll bouda hits you but does no damage.
You hit the gnoll bouda but do no damage.
The gnoll bouda is moderately wounded.
The gnoll bouda calls upon its god to heal the gnoll.
The gnoll is healed somewhat.
You barely miss the gnoll bouda. Your bite misses the gnoll bouda.
The gnoll bouda is moderately wounded.
The gnoll bouda hits you with a +0 whip!
You die...

###.........# #.$####
...#.......# ###..#...
#..#.......###......#
#............#......#
#........[...#.$....##
#..?.........#.[......
#.....#.......g....#
#..#.#####..#g#####
#.....## #..#@#
#......###..#.##
#..............########.
#......###..#†...†....!.
#...........##.########.
#?#...####.###.# #.##.##
#.# #.# #.##.# #.# #.#
.. #.# ##.# #)#


You could see a gnoll bouda and a gnoll (very drained).

Vanquished Creatures
  A phantom (D:4)
  An iguana (D:4)
  6 gnolls
  4 adders
  5 dart slugs
  5 ribbon worms
  5 orcs (D:3)
  5 endoplasms
  5 giant cockroaches
  4 goblins
  2 hobgoblins
  4 jackals (D:2)
  5 kobolds
  7 quokkas
  7 ball pythons
  3 bats
  7 frilled lizards
  24 rats
100 creatures vanquished.

Vanquished Creatures (collateral kills)
  An endoplasm (D:2)
  A giant cockroach (D:2)
  A hobgoblin (D:2)
  A quokka (D:2)
  A kobold (D:2)
5 creatures vanquished.

Grand Total: 105 creatures vanquished

Notes
Turn   | Place    | Note
-------+----------+-------------------------------------------
     0 | D:1      | stipulation the Vine Stalker Necromancer began the quest
                  | for the Orb.
     0 | D:1      | Reached XP level 1. HP: 9/9 MP: 4/4
   343 | D:1      | Reached XP level 2. HP: 13/13 MP: 1/6
   604 | D:1      | Found a faded altar of an unknown god.
  1229 | D:2      | Reached XP level 3. HP: 16/16 MP: 4/8
  1541 | D:2      | Reached XP level 4. HP: 21/21 MP: 5/10
  1937 | D:2      | Found Ewarrelo's Magic Scroll Boutique.
  1948 | D:2      | Reached skill level 5 in Necromancy
  1959 | D:2      | Bought a scroll of blinking for 75 gold pieces
  1959 | D:2      | Bought a scroll of identify for 20 gold pieces
  1959 | D:2      | Bought a scroll of poison for 40 gold pieces
  2271 | D:3      | Learned a level 3 spell: Vampiric Draining
  2276 | D:3      | Learned a level 4 spell: Animate Dead
  2365 | D:3      | Reached XP level 5. HP: 24/24 MP: 4/11
  3734 | D:4      | Noticed a phantom
  3823 | D:4      | Identified the +7 dagger of Saucuab {holy, Will+}
  3846 | D:4      | Reached XP level 6. HP: 28/28 MP: 8/13
  4028 | D:4      | Reached skill level 6 in Necromancy
  4046 | D:4      | Slain by a gnoll bouda

Illustrated notes

Levels and vault maps discovered:
D:1:      matt_arrival_refuge, layout_loops_corners, basic_ecumenical_altar,
          nicolae_figureground_pulse
D:2:      layout_basic, serial_shops, shop, minmay_tiny_reverse_x
D:3:      layout_basic, minmay_rat_hole
D:4:      minmay_chambers_of_fours, layout_loops_ring,
          mainiacjoe_overflow_concentric_impassable, serial_shops,
          nicolae_shop_hallway_plus, minmay_misc_feat_room, abandoned_shop

Skill      XL: |  1  2  3  4  5  6 |
---------------+-------------------+-----
Spellcasting   | 3 4 |  4.9
Necromancy     | 5 6 |  6.0
Dodging        | |  1.5
Stealth        | |  2.4

Action                     |  1- 3 |  4- 6 || total
---------------------------+-------+-------++-------
  Melee: Unarmed           |    26 |       ||    26
         Bite              |    12 |    23 ||    35
         Punch             |     1 |       ||     1
         Dagger            |     3 |     5 ||     8
         Whip              |       |   111 ||   111
   Cast: Necrotise         |    59 |    69 ||   128
         Vampiric Draining |       |     1 ||     1
   Stab: Sleeping          |       |     4 ||     4
 Armour: Robe              |    20 |    80 ||   100
  Dodge: Dodged            |    32 |    76 ||   108
